 Dungeon Crawl Stone Soup version 0.29-a0-717-g6dac4ea423 (webtiles) character file.

Game seed: 14561071926665449685

17374 mdonais the Skirmisher (level 12, -2/90 HPs)
             Began as an Octopode Hunter on June 26, 2022.
             Was an Elder of Ru.
             Slain by an entropy weaver simulacrum (16 damage)
             ... in an ice cave.
             The game lasted 00:59:17 (17886 turns).

mdonais the Skirmisher (Octopode Hunter)           Turns: 17886, Time: 00:59:18

Health: -2/90      AC:  7    Str: 11    XL:     12   Next: 47%
Magic:  15/15      EV: 18    Int: 20    God:    Ru [****..]
Gold:   1552       SH:  0    Dex: 19    Spells: 12/15 levels left

rFire   . . .      SeeInvis .   a - +3 shortbow
rCold   + . .      Faith    .   (shield currently unavailable)
rNeg    . . .      Spirit   .   D - +2 hat
rPois   +          Reflect  .   R - amulet of the acrobat
rElec   +          Harm     .   h - +4 ring of protection
rCorr   .          Rampage  .   z - ring of flight
Will    .....                   y - +4 ring of slaying
Stlth   ..........              L - +6 ring of intelligence
HPRegen 0.25/turn               b - ring "Otinej" {rElec rPois rC+ Int+4}
MPRegen 0.14/turn               (no ring)
                                (no ring)
                                (no ring)

@: flying
A: almost no armour, amphibious, 8 rings, camouflage 1, dopey 1, gelatinous body
1, no stealth, inability to use devices, no conjurations magic, no poison magic,
no transmutations magic, (nimble swimmer 1), tentacles
a: Renounce Religion, Draw Out Power, Power Leap


You were in an ice cave.
You worshipped Ru.
Ru was greatly pleased with you.
You visited 3 branches of the dungeon, and saw 14 of its levels.
You also visited: Bailey and Ice Cave.

You collected 1552 gold pieces.

Inventory:

Hand Weapons
 a - a +3 shortbow (weapon)
 x - a +4 rapier of holy wrath
   (You found it on level 7 of the Dungeon)
 C - a +1 scimitar of flaming
   (You took it off Erica on level 10 of the Dungeon)
 E - a +1 dagger of venom
   (You took it off an orc wizard on level 6 of the Dungeon)
 N - a +2 dire flail of holy wrath
   (You took it off Edmund on level 4 of the Dungeon)
 P - a +2 dagger of electrocution
   (You took it off Dowan on level 4 of the Dungeon)
Missiles
 r - 14 poisoned darts
 t - 23 boomerangs
 F - a curare-tipped dart
 J - 10 atropa-tipped darts
 Z - 3 throwing nets {=!f}
Armour
 d - a +0 tower shield of cold resistance
   (You found it in an ice cave)
 D - a +2 hat (worn)
   (You found it on level 6 of the Dungeon)
Magical Staves
 I - a staff of fire
   (You found it on level 8 of the Dungeon)
Jewellery
 b - the ring "Otinej" (on tentacle) {rElec rPois rC+ Int+4}
   (You acquired it on level 3 of the Lair of Beasts)

   [ring of poison resistance]

   Int:       It affects your intelligence (+4).
   rC:        It protects you from cold.
   rElec:     It insulates you from electricity.
   rPois:     It protects you from poison.
 h - a +4 ring of protection (left tentacle)
   (You found it on level 1 of the Dungeon)
 y - a +4 ring of slaying (on tentacle)
   (You found it on level 5 of the Dungeon)
 z - a ring of flight (right tentacle)
   (You found it on level 5 of the Dungeon)
 L - a +6 ring of intelligence (on tentacle)
   (You found it on level 4 of the Dungeon)
 R - an amulet of the acrobat (around mantle)
   (You found it on level 2 of the Lair of Beasts)
Scrolls
 c - a scroll of fear
 g - 4 scrolls of torment
 k - 4 scrolls of enchant weapon
 o - 2 scrolls of vulnerability
 s - a scroll of summoning
 v - a scroll of amnesia
 M - 2 scrolls of magic mapping
 T - 3 scrolls of teleportation
Potions
 e - 4 potions of mutation
 f - 4 potions of attraction
 i - 2 potions of lignification
 l - 3 potions of flight
 m - a potion of ambrosia {unknown}
 n - 3 potions of invisibility {unknown}
 q - 4 potions of heal wounds
 u - a potion of might
 A - 2 potions of degeneration {unknown}
 B - 3 potions of brilliance
 H - 2 potions of haste
 K - a potion of experience {unknown}
 O - a potion of resistance
 Q - 7 potions of curing


   Skills:
 - Level 11.5 Fighting
 - Level 14.0 Ranged Weapons
 - Level 3.0 Throwing
 - Level 8.0 Dodging
 - Level 2.0 Spellcasting
 + Level 2.4 Ice Magic


You had 12 spell levels left.
You knew the following spells:

 Your Spells              Type           Power      Damage    Failure   Level
a - Frozen Ramparts       Ice            22%        1d4       17%         3

Your spell library contained the following spells:

 Spells                   Type           Power      Damage    Failure   Level
 Necrotize                Necr           8%         1d4       16%         1
 Gell's Gravitas          Tloc           2%         N/A       43%         3
 Lesser Beckoning         Tloc           2%         N/A       43%         3
 Summon Guardian Golem    Hex/Summ       2%         N/A       43%         3
 Teleport Other           Tloc           2%         N/A       43%         3
 Vampiric Draining        Necr           2%         2d6       43%         3
 Summon Ice Beast         Ice/Summ       6%         N/A       67%         4
 Agony                    Necr           2%         N/A       99%         5
 Sting                    Tmut/Pois      Unusable   1d3       N/A         1
 Poisonous Vapours        Pois/Air       Unusable   N/A       N/A         2
 Ice Form                 Ice/Tmut       Unusable   N/A       N/A         4
 Animate Armour           Summ/Erth      Unusable   N/A       N/A         4
 Olgreb's Toxic Radiance  Pois           Unusable   N/A       N/A         4
 Blade Hands              Tmut           Unusable   N/A       N/A         5
 Iron Shot                Conj/Erth      Unusable   9d1       N/A         6
 Orb of Destruction       Conj           Unusable   9d5       N/A         7
 Spellforged Servitor     Conj/Summ      Unusable   N/A       N/A         7

Dungeon Overview and Level Annotations

Branches:
Dungeon (10/15) Zot: 24064  Temple (1/1) D:4 Zot: 5910    Lair (3/6) D:9 Zot: 15160
 Shoals (0/4) Lair:3       Spider (0/4) Lair:3          Orc (0/2) D:9
 Bailey (visited)           IceCv (1/1) Zot: 4668

Altars:
Ashenzari
Cheibriados
Dithmenos
Elyvilon
Fedhas
Gozag
Hepliaklqana
Kikubaaqudgha
Makhleb
Nemelex Xobeh
Okawaru
Qazlal
Ru
Sif Muna
Trog
Uskayaw
Vehumet
Wu Jian
Xom
Yredelemnul
Zin
The Shining One

Annotations:
D:4 Duvessa


Innate Abilities, Weirdness & Mutations

You cannot wear most types of armour.
You are amphibious.
You can wear up to eight rings at the same time.
Your skin changes colour to match your surroundings (Stealth+).
You are dopey. (Int -2)
Your rubbery body absorbs attacks. (AC +1, EV +1)
You cannot be stealthy.
You cannot study or use magical devices.
You cannot study or cast Conjurations magic.
You cannot study or cast Poison magic.
You cannot study or cast Transmutations magic.
((You are camouflaged when in or above water. (Stealth+)))
You have tentacles for arms and can constrict up to eight enemies at once.


Message History

You shoot an arrow. The arrow hits the ice beast!
You kill the ice beast!
The ice beast disappears in a puff of smoke!
No target in view!
You start resting.
HP restored.
Health restored: 90 Really fly into a travel-excluded area?
The ice statue begins to attack, but is stunned by your conviction!
You shoot an arrow.
The arrow hits the ice statue but does no damage.
The ice statue is lightly damaged.
You shoot an arrow. The arrow hits the ice statue!
The ice statue is moderately damaged.
The ice statue gestures.
You shoot an arrow.
The arrow hits the ice statue but does no damage.
The ice statue is moderately damaged.
The ice statue begins to attack, but is stunned by your conviction!
You shoot an arrow. The arrow hits the ice statue.
The ice statue is moderately damaged.
You shoot an arrow. The arrow hits the ice beast!
The ice beast is heavily wounded.
Fire: a) +3 shortbow
Press: ? - help, Q - select action, (/) - cycle Shift-Dir - straight line, f - ice statue, p - ice beast
Aim: an ice statue (moderately damaged, 95% to hit)
You shoot an arrow. The arrow hits the ice statue.
The ice statue is moderately damaged.
Fire: a) +3 shortbow
Press: ? - help, Q - select action, (/) - cycle Shift-Dir - straight line, f/p - ice statue
Aim: an ice statue (moderately damaged, 95% to hit)
You shoot an arrow.
The arrow hits the ice statue but does no damage.
The ice statue is moderately damaged.
You shoot an arrow. The arrow hits the ice beast!!
You kill the ice beast!
The ice beast disappears in a puff of smoke!
No target in view!
Really fly into a travel-excluded area?
You shoot an arrow. The arrow hits the ice statue!
The ice statue is moderately damaged.
The ice statue begins to attack, but is stunned by your conviction!
You shoot an arrow.
The arrow hits the ice statue but does no damage.
The ice statue is moderately damaged.
You shoot an arrow.
The arrow hits the ice statue but does no damage.
The ice statue is moderately damaged.
You shoot an arrow. The arrow hits the ice statue.
The ice statue is heavily damaged.
The ice statue gestures.
You shoot an arrow. The arrow hits the ice beast.
The ice beast is lightly wounded.
You shoot an arrow. The arrow barely misses the ice beast.
You shoot an arrow. The arrow closely misses the ice beast.
You shoot an arrow. The arrow hits the ice beast!
The ice beast is severely wounded.
You shoot an arrow. The arrow hits the ice beast!
You kill the ice beast!
The ice beast disappears in a puff of smoke!
No target in view!
Really fly into a travel-excluded area?
You shoot an arrow.
The arrow hits the ice statue but does no damage.
The ice statue is moderately damaged.
You shoot an arrow.
The arrow hits the ice statue but does no damage.
The ice statue is moderately damaged.
The ice statue glitters chillingly in the dim dungeon light.
You shoot an arrow. The arrow hits the ice statue!
The ice statue is heavily damaged.
You shoot an arrow. The arrow hits the ice statue.
The ice statue is heavily damaged.
You shoot an arrow. The arrow hits the ice statue!
The ice statue is severely damaged.
The ice statue glitters chillingly in the dim dungeon light.
You shoot an arrow. The arrow hits the ice statue!
The ice statue is almost destroyed.
The ice statue gestures.
You shoot an arrow. The arrow hits the ice statue!
You destroy the ice statue!
The ice beast disappears in a puff of smoke!
Training target 2.0 for Spellcasting reached!
Your Spellcasting skill increases to level 2!
Your Ice Magic skill increases to level 2!
Okay, then.
Okay, then.
MP restored: 15
Found a wand of flame (6).
Found a red potion.
Found a tin of tremorstones (2/2).
V - a wand of flame (13) (gained 6 charges)
You see here a tin of tremorstones (2/2).
n - 3 red potions (gained 1) Autopickup disabled for wands of flame.
You drop a wand of flame (13). 2 white imps and 4 simulacra come into view.
The white imp shouts, "Escape, thou dankish toot-wallowing giglet!"
The white imp shouts, "Give up, thou unhinged common-kissing blabberskite!"
The white imp gestures at you. The puff of frost misses you.
The white imp gestures at you. The puff of frost misses you.
A two-headed ogre simulacrum comes into view.
You shoot an arrow. The arrow hits the white imp.
The white imp is severely wounded.
The white imp begins to attack, but is stunned by your conviction!
You shoot an arrow. The arrow hits the white imp.
The white imp is almost dead.
You shoot an arrow.
The arrow hits the white imp but does no damage.
The white imp is almost dead.
The white imp gestures at you. The puff of frost misses you.
You shoot an arrow. The arrow hits the white imp!
You kill the white imp!
The white imp begins to attack, but is stunned by your conviction!
You shoot an arrow. The arrow hits the spriggan simulacrum!
The spriggan simulacrum is moderately damaged.
You shoot an arrow. The arrow hits the white imp.
The white imp is lightly wounded.
You shoot an arrow. The arrow hits the white imp!
The white imp is severely wounded.
You shoot an arrow. The arrow hits the white imp!
You kill the white imp!
You shoot an arrow.
The arrow hits the entropy weaver simulacrum.
The entropy weaver simulacrum is lightly damaged.
You shoot an arrow.
The arrow hits the entropy weaver simulacrum.
The entropy weaver simulacrum is lightly damaged.
The entropy weaver simulacrum hits you.
The entropy weaver simulacrum freezes you!
You resist. The entropy weaver simulacrum hits you.
The entropy weaver simulacrum freezes you!
You resist.
The entropy weaver simulacrum completely misses you.
The entropy weaver simulacrum barely misses you.
You take 38 damage, and have 52/90 hp.
MASSIVE DAMAGE!!
You shoot an arrow.
The arrow hits the entropy weaver simulacrum.
The entropy weaver simulacrum is moderately damaged.
The entropy weaver simulacrum hits you!
The entropy weaver simulacrum freezes you!!
You resist.
* * * LOW HITPOINT WARNING * * *
The entropy weaver simulacrum hits you!
* * * LOW HITPOINT WARNING * * *
The entropy weaver simulacrum freezes you!
You resist.
You die...

## ###...##...########..###)##
/#####...##...##...#..#..###.#.#
###.....##########..##.####.#.##
.#.....## #..#####...####
#.....## ###..#...#....##
#.##...## ###..######..##
..###...#### #### ###.. ...
###....####### ### .#.
###...#...@#### ##. # ##
###....##ZZZ## #.. #########Z.#
###. #...## ##... #.5..## #..##
#.Z5.# ###... .Z.Z## ##..###
ZZ.# #..###. .## #.....#


You could see a cane toad simulacrum, a spriggan simulacrum, a two-headed ogre
simulacrum and an entropy weaver simulacrum.

Vanquished Creatures
  A boulder beetle (Lair:2)
  3 two-headed ogres
  Erica (D:10)
  An ugly thing (D:10)
  An oklob plant (Lair:2)
  An ice statue (IceCv)
  A black mamba (Lair:1)
  Joseph (Lair:1)
  7 cane toads
  Maggie (D:8)
  A kobold demonologist (D:9)
  An anaconda simulacrum (IceCv)
  A komodo dragon (Lair:1)
  Grinder (D:4)
  A vampire (D:10)
  A wraith (D:8)
  18 yaks
  Eustachio (D:5)
  A wyvern (D:9)
  A basilisk (Lair:2)
  2 steam dragons
  2 death yak simulacra (IceCv)
  Edmund (D:4)
  5 water moccasins
  8 orc warriors
  2 ogres (D:6)
  2 black bears
  A centaur (D:9)
  2 kobold brigands (D:10)
  10 bullfrogs
  A necrophage (D:4)
  2 gnoll sergeants
  5 scorpions
  2 two-headed ogre simulacra (IceCv)
  4 wights (D:8)
  Dowan (D:4)
  8 killer bees
  An elephant simulacrum (IceCv)
  2 hounds
  A jelly (D:4)
  4 orc priests
  A gnoll shaman (D:4)
  Jessica (D:2)
  2 iguanas
  4 orc wizards
  A polar bear simulacrum (IceCv)
  2 spriggan simulacra (IceCv)
  4 troll simulacra (IceCv)
  A wolf simulacrum (IceCv)
  17 gnolls
  12 adders
  8 naga simulacra (IceCv)
  11 white imps
  5 ufetubi
  3 worms
  3 dart slugs
  17 orcs
  7 bats
  7 endoplasms
  5 giant cockroaches
  13 goblins
  7 hobgoblins
  3 jackals (D:2)
  23 kobolds
  3 quokkas
  5 ball pythons
  3 frilled lizards
  4 rats
283 creatures vanquished.

Vanquished Creatures (others)
  A two-headed ogre (D:10)
  A kobold demonologist (D:10)
  22 fungi
  16 plants
40 creatures vanquished.

Grand Total: 323 creatures vanquished

Notes
Turn   | Place    | Note
-------+----------+-------------------------------------------
     0 | D:1      | mdonais the Octopode Hunter began the quest for the Orb.
     0 | D:1      | Reached XP level 1. HP: 14/14 MP: 1/1
   143 | D:1      | Reached XP level 2. HP: 19/19 MP: 2/2
   753 | D:1      | Found a faded altar of an unknown god.
   863 | D:1      | Reached XP level 3. HP: 25/25 MP: 3/3
  1132 | D:2      | Noticed Jessica
  1138 | D:2      | Killed Jessica
  1139 | D:2      | Reached XP level 4. HP: 27/31 MP: 4/4
  1855 | D:3      | Reached XP level 5. HP: 36/36 MP: 5/5
  1879 | D:3      | Found a sacrificial altar of Ru.
  2263 | D:3      | Reached skill level 5 in Ranged Weapons
  3165 | D:4      | Found a stormy altar of Qazlal.
  3237 | D:3      | Became a worshipper of Ru the Awakened
  3293 | D:4      | Noticed Edmund
  3470 | D:4      | Noticed Grinder
  3495 | D:4      | Reached XP level 6. HP: 38/43 MP: 6/6
  3521 | D:4      | Reached skill level 1 in Evocations
  3521 | D:4      | Noticed Dowan
  3738 | D:4      | Noticed Duvessa
  4221 | D:5      | Entered Level 5 of the Dungeon
  4230 | D:5      | Reached XP level 7. HP: 28/49 MP: 7/7
  4392 | D:5      | Noticed a two-headed ogre
  4406 | D:4      | Reached skill level 6 in Ranged Weapons
  4484 | D:5      | Found a sparkling altar of Nemelex Xobeh.
  4764 | D:5      | Reached skill level 5 in Fighting
  4855 | D:5      | Gained mutation: You cannot be stealthy. [Ru sacrifice]
  4883 | D:5      | Killed a two-headed ogre
  4884 | D:5      | Reached skill level 7 in Ranged Weapons
  4884 | D:5      | Reached XP level 8. HP: 23/58 MP: 8/8
  5270 | D:6      | Noticed Eustachio
  5282 | D:5      | Killed Eustachio
  5340 | D:6      | Reached skill level 8 in Ranged Weapons
  5376 | D:6      | Reached XP level 9. HP: 64/64 MP: 9/9
  6012 | D:7      | Found a white marble altar of Elyvilon.
  7067 | D:8      | Noticed Maggie
  7099 | D:8      | Killed Maggie
  7100 | D:8      | Reached skill level 9 in Ranged Weapons
  7100 | D:8      | Reached skill level 1 in Throwing
  7508 | D:8      | Gained mutation: You cannot study or use magical devices.
                  | [Ru sacrifice]
  7508 | D:8      | Reached * piety under Ru
  7508 | D:8      | Reached ** piety under Ru
  7508 | D:8      | Reached *** piety under Ru
  8273 | D:9      | Found a flagged portal.
  8284 | Bailey   | Entered a bailey
  8328 | Bailey   | Reached XP level 10. HP: 73/73 MP: 10/10
  8448 | Bailey   | Reached skill level 10 in Ranged Weapons
  8448 | Bailey   | Reached skill level 5 in Dodging
  8789 | D:9      | Found a staircase to the Orcish Mines.
  9859 | D:9      | Reached skill level 11 in Ranged Weapons
 10069 | D:9      | Found a staircase to the Lair.
 10616 | D:10     | Entered Level 10 of the Dungeon
 10755 | D:10     | Noticed Erica
 10768 | D:10     | Killed Erica
 10769 | D:10     | Reached XP level 11. HP: 64/81 MP: 11/11
 10864 | D:10     | Found an opulent altar of Gozag.
 10911 | D:10     | Noticed a white ugly thing
 10919 | D:10     | Noticed a two-headed ogre
 10924 | D:10     | Killed a white ugly thing
 10925 | D:10     | Reached skill level 10 in Fighting
 10925 | D:10     | Reached skill level 12 in Ranged Weapons
 10949 | D:10     | Killed a two-headed ogre
 10957 | D:10     | Noticed a sun demon
 11246 | D:10     | Noticed a two-headed ogre
 11319 | D:10     | Noticed a sixfirhy
 11591 | D:10     | Killed a two-headed ogre
 11846 | D:10     | Found a radiant altar of Vehumet.
 11850 | D:10     | Found a glowing golden altar of the Shining One.
 11934 | D:10     | Found an ornate altar of the Wu Jian Council.
 11938 | D:10     | Gained mutation: You are dopey. (Int -2) [Ru sacrifice]
 11940 | D:10     | Noticed a two-headed ogre
 11962 | D:10     | Killed a two-headed ogre
 12200 | D:10     | Found an ornate altar of the Wu Jian Council.
 12209 | D:10     | Found an opulent altar of Gozag.
 12318 | D:10     | Found a radiant altar of Vehumet.
 12324 | D:10     | Found a glowing golden altar of the Shining One.
 12666 | Lair:1   | Entered Level 1 of the Lair of Beasts
 13006 | Lair:1   | Noticed Joseph
 13057 | Lair:1   | Killed Joseph
 13400 | Lair:1   | Reached skill level 13 in Ranged Weapons
 14133 | D:4      | Killed Edmund
 14382 | D:4      | Killed Dowan
 14417 | D:4      | Killed Grinder
 14418 | D:4      | Found a staircase to the Ecumenical Temple.
 14430 | Temple   | Entered the Ecumenical Temple
 15356 | Lair:2   | Reached XP level 12. HP: 89/89 MP: 12/12
 16004 | Lair:2   | Reached skill level 14 in Ranged Weapons
 16322 | Lair:2   | Noticed a boulder beetle
 16343 | Lair:2   | Killed a boulder beetle
 16348 | Lair:2   | Learned a level 3 spell: Frozen Ramparts
 16483 | Lair:3   | Found a frozen archway.
 16483 | Lair:3   | Noticed a four-headed hydra
 16516 | Lair:3   | Identified a scroll of acquirement
 16516 | Lair:3   | Acquired the ring "Otinej" {rElec rPois rC+ Int+4}
 16521 | IceCv    | Entered an ice cave
 16528 | IceCv    | Gained mutation: You cannot study or cast Poison magic. [Ru
                  | sacrifice]
 16528 | IceCv    | Gained mutation: You cannot study or cast Transmutations
                  | magic. [Ru sacrifice]
 16528 | IceCv    | Gained mutation: You cannot study or cast Conjurations
                  | magic. [Ru sacrifice]
 16528 | IceCv    | Reached **** piety under Ru
 16698 | IceCv    | Reached skill level 1 in Ice Magic
 16721 | IceCv    | Reached skill level 1 in Spellcasting
 17886 | IceCv    | Slain by an entropy weaver simulacrum

Illustrated notes

Levels and vault maps discovered:
D:1:      lightli_arrival_statue_moat, layout_basic,
          shapermc_ecumenical_altar_ellora
D:2:      layout_basic, minmay_hedge_maze, uniq_jessica
D:3:      minmay_bubble_buster, layout_basic, nicolae_ru_the_path_less_chosen
D:4:      layout_loops_cross, nicolae_qazlal_eye_of_the_storm, temple_hall,
          uniq_grinder, uniq_duvessa, uniq_edmund
D:5:      layout_cave_pools, mainiacjoe_overflow_brackets, st_stairs_6
D:6:      layout_rooms, minmay_misc_feat_more_columns, uniq_eustachio
D:7:      layout_basic, kennysheep_little_box, nrook_mini_backslash
D:8:      layout_loops_corners, uniq_maggie
D:9:      layout_basic, grunt_lair_entry_orc_guard_hut, orc_0_dummy,
          enter_bailey_3, serial_park_tiny_2, lemuel_flamethrower_1
D:10:     layout_rooms, mainiacjoe_overflow_catwalk_spiral, minitemple,
          uniq_erica
Temple:   jpeg_temple_clearing
Lair:1:   layout_hall_layers, chequers_serial_rivers_large_a, uniq_joseph
Lair:2:   layout_chaotic_city, chequers_serial_rivers_micro_d
Lair:3:   layout_layer_cave, elwin_shoals_entry_rooms,
          spider_nest_entry_funnel_web, portal_ice_cave_entry_pillars_1,
          minmay_holes, worms_lemuel
IceCv:    ice_cave_caverns_01

Skill      XL: |  1  2  3  4  5  6  7  8  9 10 11 12 |
---------------+-------------------------------------+-----
Stealth        | 2 3 4 0 |  0.0
Fighting       | 3 4 6 7 8 9 10 11 | 11.5
Ranged Weapons | 5 7 8 9 11 13 14 | 14.0
Evocations     | 2 3 0 |  0.0
Dodging        | 4 6 7 8 |  8.0
Throwing       | 2 3 |  3.0
Ice Magic      | 2 |  2.4
Spellcasting   | 2 |  2.0

Action                   |  1- 3 |  4- 6 |  7- 9 | 10-12 || total
-------------------------+-------+-------+-------+-------++-------
 Fire: Shortbow          |    78 |   157 |   252 |   717 ||  1204
Invok: Sacrifice Stealth |       |       |     1 |       ||     1
       Sacrifice Artific |       |       |     1 |       ||     1
       Draw Out Power    |       |       |       |     1 ||     1
       Sacrifice Purity  |       |       |       |     1 ||     1
       Sacrifice Arcana  |       |       |       |     1 ||     1
Evoke: Wand              |       |     2 |     4 |       ||     6
  Use: Scroll            |       |     8 |    11 |     9 ||    28
       Potion            |       |       |     2 |     4 ||     6
Armor: Skin              |     2 |     9 |    46 |    38 ||    95
Dodge: Dodged            |     9 |    45 |    63 |   201 ||   318

Table legend: (Time is in decaauts)
 A = Elapsed time spent in this place.
 B = Non-inter-level travel time spent in this place.
 C = Inter-level travel time spent in this place.
 D = Time resting spent in this place.
 E = Time spent auto-exploring this place.
 F = Levels seen in this place.
 G = Mean time per level.
                   A        B        C        D        E       F      G
               +--------+--------+--------+--------+--------+-----+--------+
         Total |  17910 |  16913 |    997 |   5779 |   7430 |  16 | 1119.4 |
       Dungeon |  13197 |  12349 |    848 |   3864 |   6075 |  10 | 1319.7 |
        Temple |     89 |     71 |     18 |      0 |     58 |   1 |   89.0 |
          Lair |   2840 |   2709 |    131 |   1000 |   1269 |   3 |  946.7 |
        Bailey |    451 |    451 |      0 |     46 |     28 |   1 |  451.0 |
      Ice Cave |   1330 |   1330 |      0 |    868 |      0 |   1 | 1330.0 |
               +--------+--------+--------+--------+--------+-----+--------+

Top non-repeatable levels by time:
     D:9: 2398 daAuts
     D:8: 1915 daAuts
     D:3: 1778 daAuts
  Lair:1: 1650 daAuts
    D:10: 1445 daAuts
     D:4: 1422 daAuts
   IceCv: 1330 daAuts
  Lair:2: 1124 daAuts
     D:5: 1012 daAuts
     D:1: 931 daAuts
     D:2: 857 daAuts
     D:7: 840 daAuts
     D:6: 594 daAuts
  Bailey: 451 daAuts
  Temple: 89 daAuts
